 Dungeon Crawl Stone Soup version 0.29-a0-902-g0f71de6fce (webtiles) character file.

Game seed: 14697834177950191599

686 Ajdolov the Cleaver (level 7, -1/62 HPs)
             Began as a Hill Orc Monk on July 24, 2022.
             Slain by Pikel
             ... wielding a +1 whip of flaming
              (9 damage)
             ... on level 4 of the Dungeon.
             The game lasted 00:06:11 (4809 turns).

Ajdolov the Cleaver (Hill Orc Monk)                 Turns: 4809, Time: 00:06:12

Health: -1/62      AC: 10    Str: 16    XL:     7   Next: 62%
Magic:  2/2        EV:  7    Int: 10    God:
Gold:   225        SH:  0    Dex: 13    Spells: 6/6 levels left

rFire   . . .      SeeInvis .   t - +1 hand axe (antimagic)
rCold   . . .      Faith    .   (no shield)
rNeg    . . .      Spirit   .   c - +0 chain mail
rPois   .          Reflect  .   j - +0 helmet
rElec   .          Harm     .   (no cloak)
rCorr   .          Rampage  .   (no gloves)
Will    .....                   d - +0 pair of boots
Stlth   ..........              (no amulet)
HPRegen 0.20/turn               (no ring)
MPRegen 0.08/turn               (no ring)

@: brilliant
A: no striking features
a: no special abilities


You were on level 4 of the Dungeon.
You visited 1 branch of the dungeon, and saw 4 of its levels.

You collected 225 gold pieces.

Inventory:

Hand Weapons
 t - a +1 antimagic hand axe (weapon)
Missiles
 p - 2 atropa-tipped darts
 s - a poisoned dart (quivered)
Armour
 c - a +0 chain mail (worn)
 d - a +0 pair of boots (worn)
 j - a +0 helmet (worn)
Jewellery
 o - a +6 ring of intelligence
Scrolls
 b - 2 scrolls of identify {unknown}
 g - a scroll of vulnerability {unknown}
 h - 3 scrolls of silence
 k - 2 scrolls of teleportation {unknown}
 q - a scroll of magic mapping {unknown}
Potions
 a - a potion of degeneration {unknown}
 e - 2 potions of heal wounds {unknown}
 f - a potion of curing {unknown}
 l - 2 potions of brilliance
 m - a potion of resistance {unknown}
 n - a potion of lignification {unknown}
 r - a potion of cancellation {unknown}


   Skills:
 + Level 5.8 Fighting
 * Level 10.1 Axes
 - Level 2.4 Dodging
 - Level 1.5 Stealth


You had 6 spell levels left.
You didn't know any spells.
Your spell library contained the following spells:

 Spells                   Type           Power      Damage    Failure   Level
 Apportation              Tloc           0%         N/A       100%        1
 Necrotise                Necr           0%         1d4       100%        1
 Summon Small Mammal      Summ           0%         N/A       100%        1
 Scorch                   Fire           0%         2d5       100%        2
 Flame Wave               Conj/Fire      0%         2d4       100%        4
 Summon Cactus Giant      Summ           0%         N/A       100%        6


Dungeon Overview and Level Annotations

Branches:
Dungeon (4/15)
 Temple: D:4-7

Altars:
Trog
Beogh

Annotations:
D:3 3 runed translucent doors, scienide's ghost, weakling KoBr
D:4 Pikel


Message History

You hit Pikel but do no damage. You punch Pikel, but do no damage.
Pikel is moderately wounded.
You closely miss Pikel.
Pikel is moderately wounded.
Pikel hits you but does no damage.
You barely miss Pikel.
Pikel is moderately wounded.
Pikel hits you with a +1 whip of flaming!
Pikel burns you.
* * * LOW HITPOINT WARNING * * *
You hit Pikel but do no damage.
Pikel is moderately wounded.
Pikel hits you with a +1 whip of flaming.
* * * LOW HITPOINT WARNING * * *
Pikel burns you.
* * * LOW HITPOINT WARNING * * *
Okay, then.
Aiming: Fastroot
Press: ? - help, Shift-Dir - straight line, f - Pikel
Aim: Pikel, wielding a +1 whip of flaming and wearing a +0 robe (moderately wounded)
Okay, then.
Aiming: Fastroot
Press: ? - help, Shift-Dir - straight line, f - Pikel
Aim: Pikel, wielding a +1 whip of flaming and wearing a +0 robe (moderately wounded)
The roots erupt in riotous growth!
Roots grab Pikel.
Roots grab the lemure.
The now-empty wand crumbles to dust.
The grasping roots constrict Pikel.
The grasping roots constrict the lemure.
Pikel hits you with a +1 whip of flaming.
* * * LOW HITPOINT WARNING * * *
Pikel burns you.
* * * LOW HITPOINT WARNING * * *
The grasping roots constrict Pikel.
The grasping roots constrict the lemure.
The roots release their grip on Pikel.
The roots release their grip on the lemure.
It was a potion of brilliance.
You feel clever all of a sudden.
Pikel hits you with a +1 whip of flaming!
You die...

.# #.# #..#####.# #...#
.###.#####.# #.# ....#
.#....#....# #.# ##.K.
.#.#..#.########.# ...##
.#.#....#..##....# #...#
.#...##.#..##.####.##...# #
.....####...#.# #......#.#
.....#...#....########....#
.....#.#.##.....@K5.5...#.#
.......#.##################
.###'###.### #.......#
...........# ####.#####.#
........##.#####....#.....#
........##....##.####.#####
........#####'##.#....#
#..#.#### #......#....#
##.#.# #...........#


You could see Pikel and 2 lemures.

Vanquished Creatures
  2 ogres
  A lemure (D:4)
  A phantom (D:4)
  2 scorpions (D:4)
  2 hounds (D:4)
  Terence (D:2)
  An iguana (D:4)
  Natasha (thrice) (D:2)
  Robin (D:2)
  4 adders
  5 dart slugs
  6 orcs
  4 ball pythons
  5 bats
  5 endoplasms
  4 giant cockroaches
  11 goblins
  5 hobgoblins
  7 jackals
  3 quokkas
  3 frilled lizards
  7 kobolds
  4 rats
87 creatures vanquished.

Notes
Turn   | Place    | Note
-------+----------+-------------------------------------------
     0 | D:1      | Ajdolov the Hill Orc Monk began the quest for the Orb.
     0 | D:1      | Reached XP level 1. HP: 19/19 MP: 1/1
   147 | D:1      | Reached XP level 2. HP: 21/26 MP: 2/2
   477 | D:1      | Reached skill level 5 in Axes
   568 | D:1      | Found a faded altar of an unknown god.
   802 | D:1      | Reached XP level 3. HP: 26/31 MP: 3/3
  1306 | D:2      | Noticed Terence
  1332 | D:2      | Killed Terence
  1333 | D:2      | Reached skill level 6 in Axes
  1333 | D:2      | Reached XP level 4. HP: 26/39 MP: 4/4
  1584 | D:2      | Noticed Robin
  1609 | D:2      | Killed Robin
  1809 | D:2      | Reached skill level 7 in Axes
  1975 | D:2      | Noticed Natasha
  1990 | D:2      | Killed Natasha
  1991 | D:2      | Reached XP level 5. HP: 29/46 MP: 5/5
  2270 | D:2      | Noticed Natasha
  2290 | D:2      | Killed Natasha
  2295 | D:2      | Noticed Natasha
  2307 | D:2      | Killed Natasha
  2859 | D:3      | Noticed an ogre
  2986 | D:3      | Found a runed translucent gate.
  2986 | D:3      | Found a runed translucent gate.
  2986 | D:3      | Found a runed translucent gate.
  2986 | D:3      | Noticed scienide's ghost (weakling KoBr)
  2991 | D:3      | Found a roughly hewn altar of Beogh.
  3037 | D:3      | Reached skill level 8 in Axes
  3378 | D:3      | Killed an ogre
  3379 | D:3      | Reached XP level 6. HP: 53/53 MP: 2/6
  3625 | D:4      | Found a bloodstained altar of Trog.
  4037 | D:4      | Reached skill level 5 in Fighting
  4037 | D:4      | Reached skill level 9 in Axes
  4060 | D:4      | Reached XP level 7. HP: 24/61 MP: 2/7
  4467 | D:4      | Reached skill level 10 in Axes
  4778 | D:4      | Noticed Pikel
  4809 | D:4      | Slain by Pikel

Illustrated notes

Levels and vault maps discovered:
D:1:      psy_arrival_terrarium, layout_basic, dreamdust_ecumenical_altar_grove
D:2:      layout_loops_ring, uniq_natasha, uniq_terence, uniq_robin
D:3:      layout_loops_ring, biasface_ghost_orc_armoury
D:4:      layout_basic, nicolae_overflow_crystal_walls, uniq_pikel

Skill      XL: |  1  2  3  4  5  6  7 |
---------------+----------------------+-----
Axes           | 5 6 7 8 9 10 | 10.1
Fighting       | 4 5 |  5.8
Dodging        | |  2.4
Stealth        | |  1.5

Action                   |  1- 3 |  4- 6 |  7- 9 || total
-------------------------+-------+-------+-------++-------
Melee: Hand axe          |   110 |   257 |    78 ||   445
       Punch             |     1 |     3 |     2 ||     6
Throw: Dart              |       |     3 |     2 ||     5
       Throwing net      |       |       |     1 ||     1
Evoke: Wand              |       |       |     1 ||     1
  Use: Potion            |     1 |       |     1 ||     2
       Scroll            |       |     1 |       ||     1
 Stab: Sleeping          |     2 |       |       ||     2
       Held in net/web   |       |       |     1 ||     1
Armor: Robe              |    24 |       |       ||    24
       Leather armour    |    12 |       |       ||    12
       Chain mail        |       |   148 |    25 ||   173
       Skin              |       |     1 |       ||     1
Dodge: Dodged            |    84 |    62 |    26 ||   172

Table legend: (Time is in decaauts)
 A = Elapsed time spent in this place.
 B = Non-inter-level travel time spent in this place.
 C = Inter-level travel time spent in this place.
 D = Time resting spent in this place.
 E = Time spent auto-exploring this place.
 F = Levels seen in this place.
 G = Mean time per level.
                   A        B        C        D        E       F      G
               +--------+--------+--------+--------+--------+-----+--------+
         Total |   4783 |   4679 |    104 |    788 |   2918 |   4 | 1195.8 |
       Dungeon |   4783 |   4679 |    104 |    788 |   2918 |   4 | 1195.8 |
               +--------+--------+--------+--------+--------+-----+--------+

Top non-repeatable levels by time:
     D:2: 1662 daAuts
     D:4: 1187 daAuts
     D:1: 1134 daAuts
     D:3: 798 daAuts
